[Event "Live Chess"]
[Site "Chess.com"]
[Date "2024.06.02"]
[Round "-"]
[White "TheSmoulderingMaster"]
[Black "Queensandpawns"]
[Result "1-0"]
[WhiteElo "1753"]
[BlackElo "2266"]
[TimeControl "300"]
[EndTime "1:31:54 PDT"]
[Termination "TheSmoulderingMaster won by checkmate"]

1. e4 e5 2. Nf3 Nf6 3. Nxe5 Nc6 4. Nxc6 dxc6 5. Nc3 Bc5 6. Bc4 Bxf2+ 7. Kxf2 Qd4+ 8.
Kf1 Qxc4+ 9. d3 Qd4 10. Qe2 Be6 11. Be3 Qd7 12. h3 O-O-O 13. Kf2 Rhe8 14. Rhf1 Ng8 15.
a4 Ne7 16. a5 f5 17. Bxa7 fxe4 18. Nxe4 Nd5 19. a6 b6 20. c4 Nf4 21. Qe3 Nxd3+ 22. Kg1 Bf5 23. Rad1 Bxe4 24. Bxb6 cxb6 25. Qxb6 Qc7 26.
Qb3 Qa7+ 27. Kh1 Nc5 28. Qg3 Qc7 29. Qg4+ Rd7 30. Ra1 Kb8 31. a7+ Ka8 32. Qh5 Qg3 33.
Qxe8+ Kb7 34. a8=Q+ Kb6 35. Qa5+ Kb7 36. Qea8# 1-0

[Event "Live Chess"]
[Site "Chess.com"]
[Date "2024.06.02"]
[Round "-"]
[White "NAZRIZ1977"]
[Black "RomanKifliuk"]
[Result "0-1"]
[WhiteElo "2129"]
[BlackElo "2345"]
[TimeControl "300"]
[EndTime "1:31:57 PDT"]
[Termination "RomanKifliuk won by checkmate"]

1. d4 c5 2. d5 e5 3. e4 d6 4. Nc3 Ne7 5. Bb5+ Nd7 6. Be2 Ng6 7.
a4 Be7 8. Nf3 O-O 9. O-O f5 10.
exf5 Rxf5 11. Bd3 Rh5 12. Nd2 Rh4 13. g3 Rd4 14. Ne2 Rxd3 15. cxd3 Nf6 16. Nc3 Bh3 17.
Re1 Ng4 18. Nde4 Qf8 19. Be3 Nf4 20. gxf4 exf4 21. Qf3 fxe3 22. Qxf8+ Rxf8 23. fxe3 Bh4 24. Ng3 Rf2 25. Re2 Rf3 26. Nce4 Nxe3 27. Nxd6 h5 28.
Rae1 Nxd5 29. Re8+ Kh7 30. Nde4 Nf4 31. Re2 Nxe2+ 32.
Nxe2 Rf1# 0-1

[Event "Live Chess"]
[Site "Chess.com"]
[Date "2024.06.02"]
[Round "-"]
[White "jimwad"]
[Black "booktrunk"]
[Result "0-1"]
[WhiteElo "1315"]
[BlackElo "1512"]
[TimeControl "300"]
[EndTime "1:32:40 PDT"]
[Termination "booktrunk won by resignation"]

1. d4 b6 2. e4 Bb7 3. Nc3 e6 4.
Bd3 h6 5. Nf3 Be7 6. O-O d6 7. Re1 Nd7 8. Bf4 g5 9. Bg3 Ngf6 10.
Nb5 Nh5 11. Nxc7+ Qxc7 12. e5 Nxg3 13. hxg3 d5 14. c3 Qc8 15. Bb5 Ba6 16. Bxa6 Qxa6 17. Qe2 Qxe2 18. Rxe2 g4 19. Nh4 Rg8 20. Kh2 h5 21.
Rf1 Nf8 22. f4 gxf3 23. Rxf3 Ng6 24. Nxg6 Rxg6 25. Ref2 Rg7 26. Kh3 O-O-O 27. Rf1 Rf8 28. b4 Kd8 29. a4 Ke8 30. Ra1 f6 31. a5 b5 32. Raf1 fxe5 33. Rxf8+ Bxf8 34. dxe5 Be7 35. Rf3 a6 36. Re3 Kd7 37. Kh2 Bg5 38. Rf3 Ke7 39.
Rd3 Bc1 40. Rf3 Rg5 41. Kh3 Rxe5 42. Kh4 Bh6 43. g4 hxg4 44. Kxg4 Rg5+ 45. Kh3 Rf5 46. Rg3 Kf7 47. Rf3 Rxf3+ 48. gxf3 Bd2 49. Kg4 Bxc3 50. Kf4 Bxb4 51. Ke5 Bxa5 0-1

[Event "Live Chess"]
[Site "Chess.com"]
[Date "2024.06.02"]
[Round "-"]
[White "jellhhggffhjjjjjj"]
[Black "KeithArkell"]
[Result "0-1"]
[WhiteElo "402"]
[BlackElo "2392"]
[TimeControl "300"]
[EndTime "1:33:11 PDT"]
[Termination "KeithArkell won by checkmate"]

1. d4 e6 2. Nf3 Nf6 3. Bg5 c5 4. c3 Be7 5. e3 b6 6. Nbd2 O-O 7. Bb5 Ba6 8. Be2 Bxe2 9. Qxe2 d6 10. Qd3 Nbd7 11. Nh4 d5 12. O-O-O Ne4 13. Bf4 Nxf2 14. Qe2 Nxd1 15. Rxd1 Bxh4 16. g3 Bg5 17. Bxg5 Qxg5 18. Qg2 Nf6 19. h4 Qg4 20. Qf3 Qxf3 21. Nxf3 cxd4 22.
exd4 Ne4 23. Ng5 Nxg5 24. hxg5 f6 25. g6 hxg6 26. Rg1 Kf7 27. g4 Rh8 28. g5 Rh2 29. gxf6 gxf6 30. Rf1 Rah8 31. Rd1 Rg2 32. c4 dxc4 33.
d5 exd5 34. Rxd5 Rhh2 35. Rd7+ Ke6 36. Rxa7 Rg1# 0-1

[Event "Live Chess"]
[Site "Chess.com"]
[Date "2024.06.02"]
[Round "-"]
[White "WelshTiger"]
[Black "AlanBstard10"]
[Result "1-0"]
[WhiteElo "2441"]
[BlackElo "1203"]
[TimeControl "300"]
[EndTime "1:33:43 PDT"]
[Termination "WelshTiger won by checkmate"]

1. e4 d5 2. exd5 Nf6 3. Bb5+ Bd7 4. Bc4 Bg4 5. f3 Bd7 6. Nc3 a6 7. a4 g6 8. Nge2 Bg7 9. d4 O-O 10. O-O c6 11. dxc6 Nxc6 12. Be3 Qc7 13. Ba2 Rfe8 14. Qd2 Qc8 15. Rfe1 e6 16. Nf4 Ne7 17. Nd3 Bc6 18. Ne5 Bd7 19. Ne4 Nxe4 20. fxe4 Nc6 21.
Nxd7 Qxd7 22. e5 Rac8 23. c3 Ne7 24. a5 Nf5 25. Bg5 h6 26. Bf4 g5 27. Be3 Nxe3 28. Qxe3 Qb5 29. b4 Red8 30. Rac1 Rf8 31. Bb1 Rfd8 32.
Rf1 Rf8 33. Qe4 Qc6 34. Qh7# 1-0

[Event "Live Chess"]
[Site "Chess.com"]
[Date "2024.06.02"]
[Round "-"]
[White "MagnersCarlsberg2870"]
[Black "Cimon"]
[Result "0-1"]
[WhiteElo "1809"]
[BlackElo "1815"]
[TimeControl "300"]
[EndTime "1:33:48 PDT"]
[Termination "Cimon won by resignation"]

1. Nf3 Nf6 2. g3 g6 3. Bg2 Bg7 4. Kf1 d6 5. d3 O-O 6. e4 c5 7. Nbd2 Nbd7 8. h3 b5 9. h4 Rb8 10. h5 Ne5 11. hxg6 fxg6 12. Nxe5 dxe5 13. Nf3 Bg4 14. Bh3 h5 15. Bxg4 Nxg4 16. Kg2 Qd6 17. Ng5 Rxf2+ 18. Kh3 Qd7 19. Nf3 Ne3+ 0-1

[Event "Live Chess"]
[Site "Chess.com"]
[Date "2024.06.02"]
[Round "-"]
[White "juniortay"]
[Black "raimundklein"]
[Result "1-0"]
[WhiteElo "2377"]
[BlackElo "1570"]
[TimeControl "300"]
[EndTime "1:34:07 PDT"]
[Termination "juniortay won by resignation"]

1. e4 c6 2. Nf3 d5 3. exd5 cxd5 4. Ne5 a6 5. d4 g6 6. Bd3 Nf6 7. c3 Bg7 8. O-O O-O 9. Nd2 Nc6 10. f4 Qc7 11.
Qe2 b5 12. a3 Na5 13. Ndf3 Nc4 14. Rb1 Bf5 15. Bxf5 gxf5 16. Ng5 e6 17. Rf3 Ne4 18. Nxe4 fxe4 19. Rh3 f5 20. Qh5 Bxe5 21. fxe5 Kh8 22. Bg5 Rf7 23. Qh6 Raf8 24. Bf6+ Rxf6 25. exf6 Rg8 26.
Rf1 Qf7 27. b3 Nb6 28. Qf4 Qg6 29. Rg3 Qxf6 30. Rxg8+ Kxg8 31. Qb8+ Kg7 32. Qxb6 1-0

[Event "Live Chess"]
[Site "Chess.com"]
[Date "2024.06.02"]
[Round "-"]
[White "ProfPoisson"]
[Black "ameetghasi100"]
[Result "0-1"]
[WhiteElo "1333"]
[BlackElo "2792"]
[TimeControl "300"]
[EndTime "1:34:16 PDT"]
[Termination "ameetghasi100 won on time"]

1. e4 c5 2. Nc3 g6 3. f4 Bg7 4. Nf3 a6 5. a4 b6 6. Bc4 Bb7 7. O-O Nc6 8. d3 Rc8 9. Qe1 Nf6 10. Nd5 Na5 11. Nxf6+ Bxf6 12. e5 Bg7 13. Ba2 d5 14.
Qg3 e6 15. f5 exf5 16. Ng5 h6 17. Nf3 O-O 18. Qh3 h5 19. Ng5 Qd7 20. Bd2 Nc6 21. e6 fxe6 22. Rae1 Rce8 23. g4 fxg4 24. Qg2 Rxf1+ 25. Rxf1 Nd4 26. Nf7 Nf3+ 27. Rxf3 gxf3 28.
Qxg6 Qxf7 29. Qg3 f2+ 30. Kf1 Rf8 31. Be3 d4 32. Bh6 Bd5 33. Bxd5 exd5 34. Qd6 Kh7 35. Bxg7 Kxg7 36. Qe5+ Qf6 37. Qxh5 Qg6 38. Qe5+ Kh7 39. Qc7+ Rf7 40. Qe5 Qg1+ 0-1

[Event "Live Chess"]
[Site "Chess.com"]
[Date "2024.06.02"]
[Round "-"]
[White "DavrosLight"]
[Black "NeilDruggan73"]
[Result "0-1"]
[WhiteElo "791"]
[BlackElo "1711"]
[TimeControl "300"]
[EndTime "1:34:49 PDT"]
[Termination "NeilDruggan73 won by checkmate"]

1. e4 d6 2. d4 Nf6 3. Nf3 g6 4. Nc3 Bg4 5. h3 Bxf3 6. Qxf3 Nc6 7. Bb5 a6 8. Bxc6+ bxc6 9. O-O Bg7 10. e5 Nd7 11. e6 O-O 12. exd7 Qxd7 13. Be3 Rab8 14. b3 c5 15. Ne2 Qb5 16. Rad1 f5 17. Qd5+ Kh8 18.
dxc5 Qxe2 19. c4 Rfe8 20. cxd6 exd6 21. a4 Re5 22. Qf7 c5 23. Rxd6 Rf8 24. Qa7 f4 25. Bxc5 f3 26. gxf3 Qxf3 27. Rxg6 hxg6 28. Bxf8 Rg5+ 29.
Kh2 Qg2# 0-1

[Event "Live Chess"]
[Site "Chess.com"]
[Date "2024.06.02"]
[Round "-"]
[White "yarek"]
[Black "nyclone"]
[Result "1-0"]
[WhiteElo "1734"]
[BlackElo "1128"]
[TimeControl "300"]
[EndTime "1:34:50 PDT"]
[Termination "yarek won by checkmate"]

1. e4 e6 2. d4 b6 3. Nc3 Bb7 4. f3 Bb4 5. Bd3 Nf6 6. Ne2 O-O 7. O-O Bxc3 8. Nxc3 a6 9. Bg5 d6 10. e5 dxe5 11.
dxe5 Nbd7 12. exf6 Nxf6 13. Ne4 Bxe4 14. fxe4 e5 15. Qf3 Qd4+ 16. Kh1 Qd6 17. Bxf6 gxf6 18. Qh5 Kh8 19. Bc4 Qe7 20. Rf3 b5 21. Rh3 Rg8 22. Qxh7# 1-0

[Event "Live Chess"]
[Site "Chess.com"]
[Date "2024.06.02"]
[Round "-"]
[White "KyryloPoluliakh"]
[Black "MaksymYurii"]
[Result "0-1"]
[WhiteElo "1518"]
[BlackElo "997"]
[TimeControl "300"]
[EndTime "1:35:02 PDT"]
[Termination "MaksymYurii won by checkmate"]

1. c4 e5 2. Nc3 Nc6 3. g3 d6 4.
Bg2 Nf6 5. e3 Be7 6. Nge2 O-O 7.
d4 exd4 8. exd4 d5 9. Nxd5 Nxd5 10. Bxd5 Be6 11. Bxe6 fxe6 12. O-O Bf6 13. Be3 Ne7 14.
Qb3 Nf5 15. Qxb7 Nxd4 16. Nxd4 Bxd4 17. Bxd4 Qxd4 18. Qc6 Qxb2 19. Qxe6+ Kh8 20. Qc6 Rac8 21. Qc5 a5 22. Qxa5 Rxf2 23. Rxf2 Qxa1+ 24. Kg2 Qd4 25. c5 Qd5+ 26. Kg1 Rb8 27. Qe1 Qxc5 28. Kg2 Qd5+ 29. Kg1 Qc5 30. a4 h6 31. Kh1 Qd5+ 32. Rg2 Rb2 33. Qf1 Ra2 34. a5 Rxa5 35. Qf8+ Kh7 36. Qf1 Ra2 37. h3 Rxg2 38. Qxg2 Qxg2+ 39. Kxg2 Kg6 40. Kf3 Kf5 41. Ke3 Ke5 42. Kd3 Kd5 43. Kc3 c5 44. g4 g6 45. h4 g5 46. hxg5 hxg5 47. Kd3 c4+ 48. Kc3 Ke4 49. Kxc4 Kf4 50. Kd3 Kxg4 51.
Ke2 Kf4 52. Kf2 g4 53. Kg2 Kg5 54. Kg3 Kf5 55. Kg2 Kf4 56. Kf2 g3+ 57. Kg2 Kg4 58.
Kg1 Kf3 59. Kf1 Kg4 60. Kg2 Kh4 61. Kf1 Kh3 62. Kg1 g2 63. Kf2 Kh2 64. Kf3 g1=Q 65. Ke4 Kg3 66. Kd3 Kf3 67. Kc4 Qe3 68. Kd5 Kf4 69.
Kc4 Ke4 70. Kb5 Qd3+ 71. Kc5 Ke5 72. Kc6 Qd5+ 73. Kb6 Ke6 74. Kc7 Ke7 75. Kb6 Kd7 76. Ka6 Kc7 77. Ka7 Qa5# 0-1

[Event "Live Chess"]
[Site "Chess.com"]
[Date "2024.06.02"]
[Round "-"]
[White "jimwad"]
[Black "TheSmoulderingMaster"]
[Result "0-1"]
[WhiteElo "1314"]
[BlackElo "1754"]
[TimeControl "300"]
[EndTime "1:35:22 PDT"]
[Termination "TheSmoulderingMaster won by resignation"]

1. d4 Nf6 2. c4 g6 3. Nc3 Bg7 4. Bf4 O-O 5. e3 d6 6. Nf3 Nbd7 7. Bd3 Re8 8. O-O c6 9. Rc1 e5 10. dxe5 dxe5 11. Bg5 h6 12. Bxf6 Nxf6 13. Be2 Qc7 14. b3 e4 15. Nd4 Be6 16. Nxe6 Rxe6 17. Bg4 Re5 18. Qc2 Nxg4 19. Nxe4 Qe7 20. Ng3 Qh4 21.
h3 Nxe3 0-1

[Event "Live Chess"]
[Site "Chess.com"]
[Date "2024.06.02"]
[Round "-"]
[White "JohanKjeldahl"]
[Black "matt1979"]
[Result "1-0"]
[WhiteElo "1830"]
[BlackElo "1408"]
[TimeControl "300"]
[EndTime "1:35:33 PDT"]
[Termination "JohanKjeldahl won by checkmate"]

1. e4 d6 2. d4 Nf6 3. Nc3 Nbd7 4.
f4 e5 5. Nf3 exd4 6. Nxd4 c5 7.
Nf3 Be7 8. Bc4 O-O 9. O-O a6 10.
a4 Nb6 11. Ba2 Bg4 12. h3 Bxf3 13. Qxf3 Nbd7 14. Be3 Qc7 15. Rad1 b6 16. g4 Rae8 17. g5 Nxe4 18. Nxe4 d5 19. Rxd5 Bd8 20. g6 hxg6 21. f5 gxf5 22. Rxf5 Ne5 23. Qg3 Qc6 24. Ng5 Bxg5 25.
Rxg5 g6 26. Bf4 Qxa4 27. Bxe5 Qxa2 28. Rxg6+ fxg6 29. Qxg6# 1-0

[Event "Live Chess"]
[Site "Chess.com"]
[Date "2024.06.02"]
[Round "-"]
[White "EdenHazard8"]
[Black "Duke_of_Bebington"]
[Result "1-0"]
[WhiteElo "2201"]
[BlackElo "1664"]
[TimeControl "300"]
[EndTime "1:35:36 PDT"]
[Termination "EdenHazard8 won by resignation"]

1. c4 c6 2. Nc3 d5 3. cxd5 cxd5 4. d4 e5 5. e3 Nc6 6. Bb5 e4 7. Nge2 a6 8. Ba4 Nf6 9. h3 Bd6 10. O-O O-O 11. a3 Na5 12. b4 Nc4 13. Bb3 b5 14. a4 Bd7 15. Bxc4 bxc4 16. b5 axb5 17. Bd2 bxa4 18. Nxa4 Qc7 19. Nc5 Bxc5 20. dxc5 Rfc8 21. Bc3 Qxc5 22. Nf4 Be6 23. Rb1 Ra3 24. Bb4 Qa7 25. Bxa3 Qxa3 26. Nxe6 fxe6 27. Qd4 c3 28. Rfc1 c2 29.
Ra1 Qd3 30. Qe5 Rf8 31. Qxe6+ Kh8 32. Qe7 Re8 33. Qc7 Rg8 34. Qxc2 Qb5 35. Rab1 Qd7 36.
Qc5 Qf5 37. Qd4 h5 38. Rc6 Ne8 39. Rh6+ Qh7 40. Rxh7+ Kxh7 41. Qxd5 1-0

[Event "Live Chess"]
[Site "Chess.com"]
[Date "2024.06.02"]
[Round "-"]
[White "seasidecastle27"]
[Black "chessgoatpawel"]
[Result "0-1"]
[WhiteElo "1954"]
[BlackElo "2056"]
[TimeControl "300"]
[EndTime "1:35:47 PDT"]
[Termination "chessgoatpawel won by checkmate"]

1. d4 c6 2. Nf3 d5 3. Bf4 g6 4. e3 Bg7 5. Nbd2 Nf6 6. Bd3 O-O 7.
Qe2 c5 8. c3 Nc6 9. h4 cxd4 10.
exd4 Re8 11. h5 Nxh5 12. Rxh5 gxh5 13. Ng5 e5 14. Qxh5 exf4+ 15. Kf1 Be6 16. Re1 Qf6 17. Qxh7+ Kf8 18. Qh4 Qh6 19. Qxf4 Qh1+ 20. Ke2 Bg4# 0-1

[Event "Live Chess"]
[Site "Chess.com"]
[Date "2024.06.02"]
[Round "-"]
[White "JanMur7"]
[Black "WeakOldFinished"]
[Result "1-0"]
[WhiteElo "2279"]
[BlackElo "2130"]
[TimeControl "300"]
[EndTime "1:36:04 PDT"]
[Termination "JanMur7 won by resignation"]

1. c4 e5 2. Nc3 Bb4 3. Qc2 Nc6 4. g3 d6 5. Nf3 Bxc3 6. bxc3 f5 7.
d3 Nf6 8. Bg2 O-O 9. O-O Qe8 10.
Rb1 Qh5 11. Bg5 Rb8 12. Bxf6 Rxf6 13. h4 Bd7 14. Qb3 Kh8 15. c5 dxc5 16. Qd5 Rd6 17. Qxc5 b6 18. Qe3 Re8 19. Qg5 Qf7 20. Qd2 h6 21. Qb2 e4 22. Nd4 Nxd4 23. cxd4 exd3 24. exd3 f4 25. Rbe1 Rf6 26. Rxe8+ Qxe8 27. Qc3 fxg3 28. fxg3 Qe3+ 29. Kh2 Rxf1 30. Bxf1 Qf2+ 31. Bg2 c5 32. d5 Bg4 33. d4 Qxd4 34. Qe1 Bf5 35. Qe7 Qf2 36.
d6 Qd4 37. Qf8+ 1-0

[Event "Live Chess"]
[Site "Chess.com"]
[Date "2024.06.02"]
[Round "-"]
[White "GerardATHart"]
[Black "missedJariChance"]
[Result "0-1"]
[WhiteElo "1368"]
[BlackElo "1351"]
[TimeControl "300"]
[EndTime "1:36:16 PDT"]
[Termination "missedJariChance won by resignation"]

1. e4 c5 2. Nc3 e6 3. d4 cxd4 4. Qxd4 Nc6 5. Qd2 Bb4 6. b3 Nf6 7. f3 O-O 8. Bb2 a6 9. O-O-O Qc7 10. Nge2 Rd8 11. a3 Ba5 12. b4 Bb6 13. b5 Ne5 14. f4 Nc4 15. Qd3 Nxb2 16. Kxb2 axb5 17. Nxb5 Qc5 18. Nd6 h6 19. e5 Nd5 20. Qb5 Qxa3+ 21. Kb1 Qa2+ 22. Kc1 Be3+ 23. Rd2 Qa1+ 24. Qb1 Qxb1+ 25.
Kxb1 Bxd2 26. Nd4 Nc3+ 0-1

[Event "Live Chess"]
[Site "Chess.com"]
[Date "2024.06.02"]
[Round "-"]
[White "Keithdfg"]
[Black "Crowded_House"]
[Result "1-0"]
[WhiteElo "1759"]
[BlackElo "1654"]
[TimeControl "300"]
[EndTime "1:36:19 PDT"]
[Termination "Keithdfg won by resignation"]

1. Nf3 e6 2. d4 d5 3. Bf4 c5 4. e3 Nc6 5. c3 Qb6 6. Qb3 Qxb3 7.
axb3 a6 8. Nbd2 Nf6 9. dxc5 Bxc5 10. b4 Bb6 11. b5 Ne7 12. Bd6 Bd7 13. Bd3 Nc8 14.
Bb4 Na7 15. bxa6 bxa6 16. Rxa6 Bc7 17. Bc5 Bc8 18. Rxa7 Rxa7 19. Bxa7 Bb7 20. Bc5 Kd7 21.
O-O Ra8 22. b4 Bd6 23. Bxd6 Kxd6 24. c4 dxc4 25. Nxc4+ Kd7 26. Nb6+ 1-0

[Event "Live Chess"]
[Site "Chess.com"]
[Date "2024.06.02"]
[Round "-"]
[White "MagnersCarlsberg2870"]
[Black "juniortay"]
[Result "0-1"]
[WhiteElo "1808"]
[BlackElo "2378"]
[TimeControl "300"]
[EndTime "1:36:28 PDT"]
[Termination "juniortay won by resignation"]

1. d4 d5 2. e3 c5 3. Bd3 Nc6 4. c3 Nf6 5. f4 g6 6. Nf3 Bg7 7.
Nbd2 O-O 8. Kf1 Bf5 9. Bxf5 gxf5 10. Qe1 Ne4 11. Nxe4 fxe4 12. Ng5 h6 13. Nh3 Kh7 14.
g3 f6 15. Qe2 e5 16. Qh5 Qe8 17. Qf5+ Qg6 18. Qd7 Qf7 19. Qf5+ Kh8 20. Bd2 exd4 21.
exd4 cxd4 0-1

[Event "Live Chess"]
[Site "Chess.com"]
[Date "2024.06.02"]
[Round "-"]
[White "Queensandpawns"]
[Black "NAZRIZ1977"]
[Result "1-0"]
[WhiteElo "2271"]
[BlackElo "2124"]
[TimeControl "300"]
[EndTime "1:36:38 PDT"]
[Termination "Queensandpawns won by resignation"]

1. e4 d6 2. f4 e5 3. Nf3 Nc6 4. Bb5 Bd7 5. O-O exf4 6. d4 a6 7. Bxc6 Bxc6 8. Bxf4 Nf6 9. d5 Bd7 10. Nc3 Be7 11. Qd2 O-O 12. Rae1 Nh5 13. Be3 b5 14. Nd4 Nf6 15. Nf5 Ng4 16. Bd4 Bf6 17. h3 Ne5 18.
Qf2 Bxf5 19. Qxf5 Qc8 20. Qh5 g6 21. Qe2 Bg7 22. Nd1 c5 23. Bxe5 dxe5 24. Ne3 f5 25.
exf5 e4 26. fxg6 hxg6 27. Ng4 Bxb2 28. Qxe4 Kg7 29. Qe7+ Kh8 30. Qh4+ Kg8 31. Nh6+ Kg7 32. Re7+ 1-0

[Event "Live Chess"]
[Site "Chess.com"]
[Date "2024.06.02"]
[Round "-"]
[White "NottheBishopSacrifice"]
[Black "lateforthesky"]
[Result "1-0"]
[WhiteElo "2316"]
[BlackElo "2080"]
[TimeControl "300"]
[EndTime "1:36:43 PDT"]
[Termination "NottheBishopSacrifice won by resignation"]

1. d4 Nf6 2. c4 g6 3. g3 Bg7 4.
Bg2 d6 5. Nc3 O-O 6. h3 Nbd7 7.
Nf3 e5 8. O-O exd4 9. Nxd4 Re8 10. e4 a6 11. Re1 Rb8 12. Bf4 h6 13. Qd2 g5 14. Be3 Ne5 15. b3 c5 16. Nf5 Bxf5 17. exf5 Qd7 18. Nd5 Nxd5 19. Bxd5 Qxf5 20. Rad1 Qxh3 21.
Bg2 Qf5 22. Qxd6 Nf3+ 23. Bxf3 Qxf3 24. Qxc5 Bc3 25. Rf1 Re5 26. Qa7 Rbe8 27. Bd4 Bxd4 28. Qxd4 Re2 29. Rd2 Rxd2 30. Qxd2 Re2 31. Qd8+ Kg7 32.
Qd4+ Kg6 33. Qd6+ Kg7 34. Qd4+ Kg6 35. Qb6+ Kg7 36. a4 h5 37. Qc5 Kg6 38. Qd6+ Kg7 39. Qd4+ Kg6 40. Qh8 Rxf2 41. Rxf2 Qxg3+ 42. Kf1 Qd3+ 43. Ke1 Qe3+ 44. Kf1 Qh3+ 45. Ke2 Qg4+ 46. Kd2 1-0

[Event "Live Chess"]
[Site "Chess.com"]
[Date "2024.06.02"]
[Round "-"]
[White "Dhaydon19"]
[Black "RichardABates"]
[Result "1-0"]
[WhiteElo "2636"]
[BlackElo "2370"]
[TimeControl "300"]
[EndTime "1:36:57 PDT"]
[Termination "Dhaydon19 won by checkmate"]

1. d4 Nf6 2. Nf3 g6 3. g3 Bg7 4.
Bg2 O-O 5. O-O d6 6. c3 Nbd7 7. Nbd2 e5 8. e4 Re8 9. Re1 exd4 10. cxd4 c5 11. b3 cxd4 12. Bb2 Ne5 13. Bxd4 Nc6 14. Bb2 d5 15. exd5 Rxe1+ 16. Qxe1 Nxd5 17. Bxg7 Kxg7 18. Nc4 Be6 19. Rd1 Qf6 20. Nfe5 Nxe5 21. Nxe5 Rd8 22. Rd4 a5 23. f4 Nb4 24. Qd2 Rxd4 25. Qxd4 b5 26. a3 Nc2 27. Qc3 Nxa3 28. Qxa5 Nc2 29. Qc3 Bf5 30. g4 b4 31.
Qd2 Qb6+ 32. Kh1 Qa7 33. h3 Qa1+ 34. Kh2 Qc3 35. Qxc3 bxc3 36. gxf5 Ne1 37. Be4 c2 38. Bxc2 Nxc2 39. fxg6 hxg6 40. Kg3 Kf6 41. h4 Nd4 42. b4 Kf5 43. Nxf7 Ne2+ 44. Kf3 Nxf4 45. Nd6+ Ke5 46. Nc4+ Kf5 47. b5 Nd5 48. Ne3+ Nxe3 49.
Kxe3 Kg4 50. b6 Kxh4 51. b7 g5 52. b8=Q g4 53. Kf4 g3 54. Qh8# 1-0

[Event "Live Chess"]
[Site "Chess.com"]
[Date "2024.06.02"]
[Round "-"]
[White "Tatarinov_Maxim"]
[Black "ProfessorChess101"]
[Result "0-1"]
[WhiteElo "2269"]
[BlackElo "2725"]
[TimeControl "300"]
[EndTime "1:37:07 PDT"]
[Termination "ProfessorChess101 won on time"]

1. Nf3 d5 2. g3 Nc6 3. d4 Bf5 4.
Bg2 Nb4 5. Na3 e6 6. O-O Nf6 7.
c3 Nc6 8. Nb1 h5 9. c4 dxc4 10.
Ne5 Nxe5 11. dxe5 Qxd1 12. Rxd1 Ne4 13. Be3 h4 14. Nd2 Nxd2 15. Bxb7 Be4 16. Bxa8 Bxa8 17.
Rxd2 hxg3 18. fxg3 Bd5 19. Bxa7 Bb4 20. Rdd1 O-O 21.
a3 Ba5 22. Bd4 Rb8 23. Rac1 Rb3 24. Kf2 Kf8 25. Bc3 Bb6+ 26. e3 Ke8 27. g4 Be4 28. Rd2 c6 29. Rcd1 Bd5 30. h4 Bd8 31. Kg3 Bb6 32.
Kf4 f6 33. e4 fxe5+ 34. Kf3 Bd4 35. exd5 cxd5 36. Rc1 e4+ 37. Ke2 Bc5 38. Bd4 Bd6 39. Rf1 e5 40. Bc3 d4 41. Bb4 Bc7 42. Rf8+ Kd7 43.
Rg8 Kc6 44. Rxg7 Re3+ 45. Kd1 Rh3 46. Rg6+ Kd5 47. h5 e3 48. Rg2 Ke4 49. Kc2 d3+ 50. Kc3 e2 51. Rxe2+ dxe2+ 52. Kc2 Rd3 53. Bd2 c3 54.
Bxc3 Rxc3+ 55. Kxc3 e1=Q+ 56. Kc4 Qe3 57. Kb5 Qd4 58. Kc6 Qd5+ 0-1

[Event "Live Chess"]
[Site "Chess.com"]
[Date "2024.06.02"]
[Round "-"]
[White "vincents82"]
[Black "LL220284LL"]
[Result "0-1"]
[WhiteElo "2013"]
[BlackElo "2499"]
[TimeControl "300"]
[EndTime "1:37:47 PDT"]
[Termination "LL220284LL won by resignation"]

1. e4 d5 2. exd5 Qxd5 3. Nc3 Qa5 4. d4 c6 5. Nf3 Nf6 6. Be2 Bg4 7. Bd2 Qc7 8. O-O Nbd7 9. Be3 e6 10. Qd2 Bd6 11.
Rfe1 Bxf3 12. Bxf3 Bxh2+ 13. Kf1 Bd6 14. g3 O-O 15. Kg2 Nd5 16. Nxd5 exd5 17. Rh1 Rae8 18. Qd3 g6 19. Bh6 Nf6 20. Bxf8 Bxf8 21. Rae1 Qd7 22. Qd2 Rxe1 23. Rxe1 Ne8 24. Qe3 Nd6 25. c3 h5 26. Qf4 Nf5 27. Qe5 Nd6 28. Bd1 Nc4 29. Qe2 Kh7 30. Bb3 Nd6 31. Bc2 Kg8 32. Qf3 Bg7 33.
Rh1 a5 34. Bd1 Ne4 35. Bc2 Nd6 36. Bd1 b5 37. g4 hxg4 38. Qxg4 Qe7 39. Qe2 Qg5+ 40.
Qg4 Qe7 41. f3 Nf5 42. Qf4 b4 43. Kf2 bxc3 44. bxc3 c5 45. Re1 Qd8 46. Ba4 Bf8 47.
Re8 Qf6 48. Bc2 Qc6 49. Re2 Bd6 50. Qg4 Ng3 51. Re1 cxd4 52. Bxg6 dxc3 53. Bc2+ Kf8 54. Qf4 Bxf4 0-1

[Event "Live Chess"]
[Site "Chess.com"]
[Date "2024.06.02"]
[Round "-"]
[White "gunslinger222"]
[Black "r0ad_t0-gm"]
[Result "1-0"]
[WhiteElo "2262"]
[BlackElo "2247"]
[TimeControl "300"]
[EndTime "1:37:50 PDT"]
[Termination "gunslinger222 won by resignation"]

1. d4 Nf6 2. c4 g6 3. h4 Bg7 4. Nc3 d6 5. e4 Nc6 6. Be2 e5 7. Nf3 Bg4 8. d5 Bxf3 9. dxc6 Bxe2 10. Qxe2 bxc6 11. g4 O-O 12. h5 d5 13. h6 Bh8 14. g5 Nxe4 15. Nxe4 dxe4 16. Qxe4 Qd4 17. f3 Rad8 18. Be3 Qxb2 19. O-O Qc3 20. Rac1 Qd3 21.
Bxa7 Qxe4 22. fxe4 f6 23. Bc5 Rf7 24. Rb1 fxg5 25. Rxf7 Kxf7 26. Rb7 Rd7 27. a4 Bf6 28. a5 Be7 29. Bxe7 Kxe7 30. a6 Rd1+ 31. Kf2 Ra1 32.
Rxc7+ Kd6 33. Rxh7 Rxa6 34. Rg7 Ra3 35. Kg2 Ra2+ 36.
Kg3 Ra1 37. Rxg6+ Kd7 38. Kg4 Rh1 39. Kxg5 Ke7 40. Rg7+ Ke6 41. c5 Rg1+ 42. Kh5 Rh1+ 43. Kg6 Rg1+ 44. Kh7 Rh1 45. Rg6+ Kf7 46. Rxc6 Rg1 47.
Rc7+ Kf8 48. c6 Rg2 49. Rd7 Rc2 50. c7 Ke8 51. Rd8+ Kf7 52. c8=Q Rxc8 53. Rxc8 Kf6 54. Re8 1-0

[Event "Live Chess"]
[Site "Chess.com"]
[Date "2024.06.02"]
[Round "-"]
[White "CheckThis4"]
[Black "Bradfield133"]
[Result "1-0"]
[WhiteElo "2695"]
[BlackElo "1884"]
[TimeControl "300"]
[EndTime "1:37:55 PDT"]
[Termination "CheckThis4 won on time"]

1. d4 d6 2. e4 g6 3. Nc3 Bg7 4. Be3 Nd7 5. Qd2 c5 6. Nf3 cxd4 7. Nxd4 Ngf6 8. f3 O-O 9. Bc4 Nb6 10. Bb3 d5 11. e5 Ne8 12. Bh6 Bxe5 13. Bxf8 Kxf8 14. O-O-O Kg8 15. Kb1 Nd6 16. Rhe1 Bf6 17. f4 Bg4 18.
Nf3 e6 19. Rc1 Bxf3 20. gxf3 Ndc4 21. Qd3 Qc7 22. Nb5 Qxf4 23. c3 a6 24. Nd4 Nd2+ 25. Kc2 Nxb3 26. axb3 Qxh2+ 27. Re2 Qf4 28. Kb1 Rc8 29.
Rec2 Bxd4 30. cxd4 Rxc2 31. Rxc2 Kg7 32. Qc3 h5 33.
Qb4 Nd7 34. Qe7 Nf8 35. Qxb7 Qxf3 36. Qxa6 h4 37. Qe2 Qxe2 38. Rxe2 g5 39. b4 g4 40. b5 Nd7 41. Kc2 g3 42. Rg2 1-0

[Event "Live Chess"]
[Site "Chess.com"]
[Date "2024.06.02"]
[Round "-"]
[White "jellhhggffhjjjjjj"]
[Black "Tunyk_Vladyslav"]
[Result "0-1"]
[WhiteElo "402"]
[BlackElo "2400"]
[TimeControl "300"]
[EndTime "1:39:08 PDT"]
[Termination "Tunyk_Vladyslav won by checkmate"]

1. d3 e6 2. e4 d5 3. Nc3 Bb4 4. Bd2 Ne7 5. a3 Bd6 6. g3 O-O 7. Bg2 b6 8. Nf3 Bb7 9. Qe2 c5 10. Nd1 Nbc6 11. Ne3 a5 12. O-O-O b5 13. exd5 exd5 14. d4 c4 15. Bc3 b4 16. axb4 axb4 17. Bxb4 Bxb4 18. c3 Bd6 19. Rhe1 Qa5 20. Kc2 Qa4+ 21.
Kd2 Qb3 22. Rb1 Ra2 23. Qd1 Rxb2+ 24. Nc2 Nb4 25. Rxb2 Qxb2 26. Qb1 Qxb1 27. Rxb1 Nxc2 28. Kxc2 Bc6 29. Ne5 Bxe5 30. dxe5 g6 31. Re1 Ra8 32. e6 Ra2+ 33. Kd1 Rxf2 34. exf7+ Kxf7 35. Rg1 Nf5 36. g4 Rxg2 37. Rxg2 Ne3+ 38. Ke2 Nxg2 39. Kf2 Nf4 40. Ke3 Nd3 41. Kd4 Ke6 42. g5 Nb2 43. h4 Nd3 44. Ke3 Ke5 45. Kd2 d4 46. cxd4+ Kxd4 47. Kc2 c3 48. Kd1 Ba4+ 49. Ke2 c2 50. Kf3 c1=Q 51.
Kg3 Qf4+ 52. Kh3 Bd7+ 53. Kg2 Qf2+ 54. Kh1 Bc6# 0-1

[Event "Live Chess"]
[Site "Chess.com"]
[Date "2024.06.02"]
[Round "-"]
[White "nyclone"]
[Black "NeilDruggan73"]
[Result "1-0"]
[WhiteElo "1148"]
[BlackElo "1696"]
[TimeControl "300"]
[EndTime "1:39:35 PDT"]
[Termination "nyclone won by checkmate"]

1. e4 d6 2. Nc3 Nf6 3. Bc4 c6 4. Nf3 Nxe4 5. Nxe4 d5 6. Bxd5 cxd5 7. Nc3 g6 8. d4 Bg7 9. O-O Nc6 10. Be3 Bg4 11. Re1 Qb6 12. Nxd5 Qxb2 13. Rb1 Qxa2 14. Nc7+ Kf8 15. Nxa8 f6 16. Nc7 Kf7 17. Rxb7 Rd8 18. c3 e5 19. Bg5 fxg5 20. Nxg5+ Kg8 21. Qxg4 Qd2 22. Qe6+ Kh8 23. Nf7+ Kg8 24. Nh6+ Kh8 25.
Qg8+ Rxg8 26. Nf7# 1-0